 Dungeon Crawl Stone Soup version 0.21-a0-251-g5e8393f (webtiles) character file.

174878 Gagarin the Fencer (level 17, -12/158 HPs)
             Began as a Minotaur Fighter on Sept 5, 2017.
             Was the Champion of the Shining One.
             Killed by the air
             ... invoked by a wind drake
              (23 damage)
             ... on level 4 of the Shoals.
             The game lasted 02:50:33 (30631 turns).

Gagarin the Fencer (Minotaur Fighter)              Turns: 30631, Time: 02:50:34

Health: -12/158    AC: 23    Str: 28    XL:     17   Next: 45%
Magic:  5/24       EV: 11    Int:  6    God:    the Shining One [******]
Gold:   1727       SH: 27    Dex:  9    Spells: 16/16 levels left

rFire    . . .     SeeInvis .   q - +2 double sword (freeze)
rCold    + . .     Gourm    .   K - +2 shield
rNeg     + + +     Faith    +   r - +2 acid dragon scales of Xarulugg {MR+ rCorr}
rPois    .         Spirit   .   y - +2 hat
rElec    .         Reflect  .   E - +0 cloak {MR+}
rCorr    +         Harm     .   A - +1 pair of gloves
MR       +++..                  (no boots)
Stlth    +.........             l - amulet of faith
HPRegen  0.36/turn              b - ring of flight
MPRegen  0.19/turn              i - +3 ring of protection

@: lethally poisoned (-12 -> -15), divine shield, flying, very slightly
contaminated, glowing
A: retaliatory headbutt, horns 2, molten scales 1, cold resistance 1
a: Divine Shield, Cleansing Flame, Summon Divine Warrior, Brand Weapon With Holy
Wrath, Renounce Religion, Stop Flying


You were on level 4 of the Shoals.
You worshipped the Shining One.
The Shining One was exalted by your worship.
You were hungry.

You visited 5 branches of the dungeon, and saw 28 of its levels.
You also visited: Ossuary.

You collected 3144 gold pieces.
You spent 1417 gold pieces at shops.

Inventory:

Hand Weapons
 a - a +4 scimitar of flaming
 n - the +10 dark maul {crush}
   (You found it on level 3 of the Shoals)

   It inflicts extra damage upon your enemies.
 q - a +2 double sword of freezing (weapon)
Missiles
 S - 15 tomahawks of returning (quivered)
Armour
 r - the +2 acid dragon scales of Xarulugg (worn) {MR+ rCorr}
   (You bought it in a shop on level 9 of the Dungeon)

   It affects your resistance to hostile enchantments.
   It protects you from acid and corrosion.
 y - a +2 hat (worn)
 A - a +1 pair of gloves (worn)
 D - a scarf of resistance
 E - a +0 cloak of magic resistance (worn)
 K - a +2 shield (worn)
Jewellery
 b - a ring of flight (left hand)
 i - a +3 ring of protection (right hand)
 l - an amulet of faith (around neck)
 t - an uncursed amulet of harm {unknown}
 U - an uncursed ring of resist corrosion
Wands
 h - a wand of paralysis (15/24)
 o - a wand of paralysis (14/24)
 v - a wand of confusion (48/48)
 F - a wand of lightning (10/15)
 I - a wand of lightning (11/15)
 Q - a wand of paralysis (9/24)
 T - a wand of digging (12/24)
Scrolls
 e - 13 scrolls of identify
 j - 7 scrolls of teleportation
 m - 5 scrolls of fear
 w - 9 scrolls of remove curse
 x - 5 scrolls of blinking
 C - 2 scrolls of amnesia
 G - 4 scrolls of fog
 H - a scroll of enchant armour
 J - 2 scrolls of magic mapping
Potions
 c - 2 potions of flight
 d - a potion of might
 k - a potion of magic
 p - 11 potions of curing
 u - a potion of brilliance
 B - 3 potions of agility
 N - 3 potions of haste
 O - 2 potions of lignification
 R - a potion of cancellation
Books
 L - a book of Geomancy

   Spells                             Type                      Level
   a - Sandblast                      Earth                        1
   b - Passwall                       Transmutation/Earth          2
   c - Stone Arrow                    Conjuration/Earth            3
   d - Petrify                        Transmutation/Earth          4
   e - Lee's Rapid Deconstruction     Earth                        5
Miscellaneous
 P - 2 sacks of spiders
Comestibles
 f - 14 bread rations
 g - 15 fruits
 s - 18 royal jellies
 z - 6 meat rations
 M - 14 chunks of flesh


   Skills:
 + Level 16.2 Fighting
 + Level 18.0 Long Blades
 - Level 0.6 Throwing
 + Level 16.0 Armour
 - Level 1.0 Stealth
 + Level 16.6 Shields
 + Level 11.4 Invocations
 + Level 4.2 Evocations


You had 16 spell levels left.
You didn't know any spells.

Dungeon Overview and Level Annotations

Branches:
Dungeon (15/15)            Temple (1/1) D:5            Lair (6/6) D:10
 Shoals (4/4) Lair:4        Snake (0/4) Lair:4        Slime (0/5) Lair:5
    Orc (2/2) D:12            Elf (0/3) Orc:2        Vaults (0/5) D:13
 Depths (0/5) D:15

Altars:
Ashenzari
Cheibriados
Dithmenos
Elyvilon
Fedhas
Gozag
Hepliaklqana
Kikubaaqudgha
Makhleb
Nemelex Xobeh
Okawaru
Qazlal
Ru
Sif Muna
Trog
Uskayaw
Vehumet
Wu Jian
Xom
Yredelemnul
Zin
The Shining One
Beogh
Jiyva

Shops:
D:8 :(!*   D:9 [   Orc:1 (   Orc:2 [*::   Shoals:3 }

Annotations:
D:2 Sigmund
D:7 nikopol's ghost, novice MiFi
D:10 1 runed door
Orc:2 exclusion: orange crystal statue


Innate Abilities, Weirdness & Mutations

You reflexively headbutt those who attack you in melee.
You have a pair of horns on your head.
You are partially covered in molten scales. (AC +2)
Your flesh is cold resistant. (rC+)


Message History

The merfolk hits you but does no damage.
Blink to where?
Press: ? - help, Dir - move target cursor You are very lightly contaminated with residual magic.
As you read the scroll of blinking, it crumbles to dust.
You feel sick.
The manticore flicks its tail.
You block the volley of spikes.
You feel sick.
The merfolk throws a throwing net.
You block the throwing net.
The manticore flicks its tail.
You block the volley of spikes.
You see here a throwing net.
Evoke which item? (* to show all) (? for menu, Esc to quit)
Aiming: Paralyse
Press: ? - help, Shift-Dir - straight line, f - manticore
Aim: a manticore (haloed, chance to defeat MR: 40%)
The manticore resists with some effort.
This wand has 15 charges left.
The wind drake flaps its wings at you.
The air twists around and violently strikes you in flight!
You die...

≈≈≈≈≈≈≈≈))))≈.....
≈≈≈≈≈≈≈≈≈)))†≈≈≈...
≈≈≈≈≈≈≈≈≈≈≈m≈≈≈≈k≈≈≈.
..≈≈≈≈≈≈≈≈≈≈(≈≈≈≈≈≈≈≈##
....≈≈≈≈≈≈≈≈H≈≈≈≈≈≈≈≈##
....≈≈≈≈≈≈≈≈≈≈≈≈≈≈≈≈≈#
.....≈≈≈≈≈≈≈......≈≈≈'≈
.....≈≈≈≈≈≈≈..÷.....≈#≈
.....≈≈≈≈≈≈..@†.....≈#
......≈≈≈≈≈..........≈
......≈≈≈..#.........≈
..(...≈<.###.........≈
####.≈≈..# #........≈≈
......≈...##....P...≈≈
...≈≈≈.....#.....P.P≈≈
≈≈..≈≈≈....≈≈≈..≈P≈P≈
≈≈≈..≈≈≈≈≈≈≈≈≈≈≈PPP


You could see a wind drake, a merfolk and a manticore.

Vanquished Creatures
  Kirke (Lair:6)
  Ilsuiw (Shoals:4)
  2 orc warlords (Orc:2)
  A stone giant (Orc:1)
  Nessos (D:14)
  Azrael (D:12)
  Snorg (Lair:6)
  2 fire dragons (D:15)
  4 merfolk impalers
  A vault guard (D:13)
  Erolcha (Orc:1)
  6 hydras
  3 merfolk aquamancers
  An alligator snapping turtle (Shoals:3)
  A satyr (Shoals:3)
  2 ogre magi (Orc:2)
  A centaur warrior (D:15)
  4 merfolk avatars
  A tengu warrior (D:15)
  17 two-headed ogres
  Nergalle (D:11)
  Urug (Lair:4)
  A deep elf knight (D:13)
  5 skeletal warriors (D:15)
  11 sea snakes
  2 wizards (D:13)
  2 deep trolls (Orc:2)
  An unseen horror (D:14)
  4 harpies (Shoals:1)
  2 necromancers (D:13)
  4 orc knights
  3 deep elf magi
  3 orc sorcerers (Orc:2)
  8 ugly things
  4 cyclopes
  6 fauns
  10 manticores
  17 elephants
  Joseph (D:10)
  5 black mambas
  6 water nymphs
  19 spiny frogs
  9 merfolk sirens
  Maurice (Orc:2)
  4 gargoyles
  A rime drake (Lair:4)
  2 komodo dragons (shapeshifter)
  10 komodo dragons
  A troll (shapeshifter) (D:13)
  A freezing wraith (D:15)
  A queen bee (Lair:3)
  11 trolls
  3 tyrant leeches (Lair:6)
  40 merfolk
  2 polar bears
  Prince Ribbit (D:5)
  A hornet (D:13)
  3 wind drakes
  2 dream sheep (Shoals:3)
  17 hippogriffs
  2 meliai zombies
  4 snapping turtles
  35 blink frogs
  A shadow (D:12)
  4 water elementals
  A wyvern (Lair:5)
  3 fire elementals (D:12)
  2 wraiths (D:15)
  17 humans (D:13)
  40 yaks
  2 basilisks
  2 hogs (Lair:6)
  10 vampire mosquitoes
  A steam dragon (Lair:3)
  3 hungry ghosts
  6 wargs
  18 water moccasins
  4 hell hounds
  Duvessa (D:5)
  6 porcupines
  2 ice beasts
  33 orc warriors
  2 sky beasts
  A hornet zombie (D:15)
  4 boggarts (D:11)
  27 ogres
  2 black bears
  14 wolves
  2 necrophages
  An eye of draining (D:11)
  2 phantoms
  11 crocodiles
  3 centaurs
  24 bullfrogs
  2 big kobolds
  Dowan (D:5)
  A water moccasin skeleton (D:4)
  4 scorpions
  11 killer bees (Lair:3)
  18 wights
  2 electric eels (Lair:6)
  2 howler monkeys (D:8)
  5 crimson imps
  3 centaur zombies
  2 lava snakes (Lair:5)
  A quasit (D:9)
  2 bullfrog zombies
  11 hounds
  5 jellies
  Crazy Yiuf (D:7)
  2 bullfrog skeletons
  15 orc priests
  16 orc wizards
  2 iguanas
  8 worker ants
  Ijyb (D:5)
  2 killer bee zombies
  2 big kobold zombies (Ossuary)
  4 mummies (Ossuary)
  2 gnolls
  9 adders
  7 shadow imps
  2 adder zombies
  An adder skeleton (D:4)
  3 worms
  A dart slug (D:6)
  3 leopard geckos
  68 orcs
  A ball python (D:2)
  3 giant cockroaches
  6 goblins
  3 hobgoblins
  4 quokkas
  8 bats
  3 frilled lizards
  A goblin zombie (Ossuary)
  2 hobgoblin zombies (Ossuary)
  23 kobolds
  3 orc zombies (Ossuary)
  A quokka skeleton (D:7)
  7 rats
  A fungus (Lair:1)
853 creatures vanquished.

Vanquished Creatures (others)
  2 orc priests (D:7)
  An orc wizard (Orc:1)
  3 bushes (Lair:1)
  13 fungi
  66 plants
85 creatures vanquished.

Grand Total: 938 creatures vanquished

Notes
Turn   | Place    | Note
-------+----------+-------------------------------------------
     0 | D:1      | Gagarin the Minotaur Fighter began the quest for the Orb.
     0 | D:1      | Reached XP level 1. HP: 19/19 MP: 0/0
   253 | D:1      | Reached XP level 2. HP: 24/27 MP: 1/1
   516 | D:1      | Reached XP level 3. HP: 33/33 MP: 2/2
  1031 | D:2      | Noticed Sigmund
  1075 | D:3      | Reached skill level 3 in Long Blades
  1417 | D:3      | Reached XP level 4. HP: 34/41 MP: 3/3
  1491 | D:3      | Found a shattered altar of Ashenzari.
  1716 | D:3      | Reached XP level 5. HP: 24/47 MP: 4/4
  1996 | D:4      | Reached skill level 5 in Shields
  2029 | D:4      | Reached skill level 4 in Long Blades
  2192 | D:4      | Reached XP level 6. HP: 16/53 MP: 5/5
  2509 | D:4      | Reached skill level 5 in Long Blades
  2626 | D:4      | Reached skill level 5 in Armour
  2904 | D:4      | Reached XP level 7. HP: 55/60 MP: 6/6
  2936 | D:4      | Reached skill level 6 in Long Blades
  3067 | D:5      | Entered Level 5 of the Dungeon
  3075 | D:5      | Reached skill level 5 in Fighting
  3140 | D:5      | Noticed Duvessa
  3140 | D:5      | Noticed Dowan
  3147 | D:5      | Killed Duvessa
  3397 | D:5      | Killed Dowan
  3397 | D:5      | Reached skill level 7 in Long Blades
  3421 | D:5      | Found a sand-covered staircase.
  3437 | Ossuary  | Entered an ossuary
  3959 | D:5      | Found a staircase to the Ecumenical Temple.
  3970 | D:5      | Noticed Ijyb
  3982 | D:5      | Killed Ijyb
  3982 | D:5      | Reached XP level 8. HP: 68/68 MP: 7/7
  4006 | Temple   | Entered the Ecumenical Temple
  4132 | Temple   | Became a worshipper of the Shining One
  4360 | D:5      | Noticed Prince Ribbit
  4384 | D:5      | Killed Prince Ribbit
  4384 | D:5      | Reached skill level 8 in Long Blades
  4686 | D:6      | Reached skill level 9 in Long Blades
  4691 | D:6      | Found a snail-covered altar of Cheibriados.
  5024 | D:6      | Reached * piety under the Shining One
  5149 | D:6      | Found a sacrificial altar of Ru.
  5220 | D:7      | Noticed a hippogriff
  5231 | D:7      | Killed a hippogriff
  5237 | D:7      | Reached XP level 9. HP: 37/75 MP: 8/8
  5600 | D:6      | Reached skill level 10 in Long Blades
  5609 | D:7      | Found a shimmering altar of Xom.
  5765 | D:7      | Found a bloodstained altar of Trog.
  5824 | D:7      | Found a runed door.
  5838 | D:7      | Noticed Crazy Yiuf
  5844 | D:7      | Killed Crazy Yiuf
  5922 | D:7      | Noticed nikopol's ghost (novice MiFi)
  5961 | D:8      | Found Jaufap's Book Emporium.
  6087 | D:8      | Reached ** piety under the Shining One
  6101 | D:8      | Found Qyemin's Distillery.
  6109 | D:8      | Bought a potion of ambrosia for 80 gold pieces
  6177 | D:8      | Found Yqikesih's General Store.
  6185 | D:8      | Bought a potion of flight for 36 gold pieces
  6185 | D:8      | Bought a scroll of blinking for 90 gold pieces
  6212 | D:8      | Reached skill level 11 in Long Blades
  6240 | D:8      | Noticed a two-headed ogre
  6351 | D:8      | Killed a two-headed ogre
  6351 | D:8      | Reached XP level 10. HP: 24/86 MP: 9/9
  6709 | D:8      | Found Kowefewuri's Antique Weapon Emporium.
  6904 | D:8      | You fall through a shaft for 3 floors!
  6912 | D:10     | Entered Level 10 of the Dungeon
  6948 | D:10     | Found a staircase to the Lair.
  6967 | D:10     | Reached skill level 1 in Stealth
  7189 | D:10     | Found a runed door.
  7190 | D:10     | Noticed a sixfirhy
  7192 | D:10     | Noticed a two-headed ogre
  7199 | D:10     | Noticed a gargoyle
  7257 | D:10     | Reached *** piety under the Shining One
  7436 | D:10     | Reached skill level 12 in Long Blades
  7458 | D:10     | Noticed Joseph
  7467 | D:10     | Killed Joseph
  7627 | D:9      | Noticed a two-headed ogre
  7637 | D:9      | Killed a two-headed ogre
  7638 | D:9      | Found Jonu Xoul's Armour Shop.
  7873 | D:9      | Noticed a two-headed ogre
  7888 | D:9      | Killed a two-headed ogre
  7888 | D:9      | Reached skill level 10 in Shields
  8124 | D:9      | Found a bloodstained altar of Trog.
  8264 | D:9      | Found a shadowy altar of Dithmenos.
  8613 | D:10     | Reached XP level 11. HP: 91/97 MP: 10/10
  8695 | D:10     | Killed a two-headed ogre
  8695 | D:10     | Reached skill level 13 in Long Blades
  8703 | D:10     | Reached **** piety under the Shining One
  8820 | D:10     | Noticed a two-headed ogre
  8829 | D:10     | Killed a two-headed ogre
  8829 | D:10     | Reached skill level 10 in Armour
  9302 | D:11     | Found an ornate altar of the Wu Jian Council.
  9486 | D:11     | Noticed Nergalle
  9507 | D:11     | Killed Nergalle
  9632 | D:11     | Noticed a purple ugly thing
  9647 | D:11     | Killed a purple ugly thing
  9839 | D:12     | Reached ***** piety under the Shining One
  9850 | D:12     | Reached skill level 1 in Invocations
 10121 | D:12     | Noticed Azrael
 10134 | D:12     | Noticed a brown ugly thing
 10136 | D:12     | Reached skill level 10 in Fighting
 10145 | D:12     | Killed Azrael
 10152 | D:12     | Killed a brown ugly thing
 10194 | D:12     | Identified a scroll of acquirement
 10195 | D:12     | Got a pitted scarf
 10206 | D:12     | Identified the scarf of Supple Strength {rN+} (You acquired it on level 12 of the Dungeon)
 10215 | D:12     | Gained mutation: You evolve. [potion of mutation]
 10215 | D:12     | Gained mutation: You have large cloven feet. [potion of mutation]
 10215 | D:12     | Gained mutation: Your flesh is cold resistant. (rC+) [potion of mutation]
 10299 | D:12     | Reached XP level 12. HP: 66/107 MP: 13/13
 10811 | D:12     | Reached skill level 14 in Long Blades
 10934 | D:12     | You fall through a shaft for 2 floors!
 10955 | D:14     | Noticed a five-headed hydra
 10963 | D:14     | Killed a one-headed hydra
 11590 | D:12     | Found a staircase to the Orcish Mines.
 11772 | Lair:1   | Entered Level 1 of the Lair of Beasts
 12652 | Lair:1   | You fall through a shaft!
 12796 | Lair:2   | Reached skill level 5 in Invocations
 14296 | Lair:3   | Reached XP level 13. HP: 104/117 MP: 16/16
 14863 | Lair:3   | You fall through a shaft for 3 floors!
 14863 | Lair:6   | Entered Level 6 of the Lair of Beasts
 15091 | Lair:4   | Reached skill level 15 in Long Blades
 15466 | Lair:4   | Noticed Urug
 15475 | Lair:4   | Killed Urug
 15515 | Lair:4   | Found a staircase to the Snake Pit.
 15908 | Lair:4   | Found a staircase to the Shoals.
 16942 | Lair:5   | Found a viscous altar of Jiyva.
 16942 | Lair:5   | Found a staircase to the Slime Pits.
 17020 | Lair:6   | Noticed Snorg
 17032 | Lair:6   | Killed Snorg
 17475 | Lair:6   | Reached ****** piety under the Shining One
 17674 | Lair:6   | Reached XP level 14. HP: 111/127 MP: 18/18
 18013 | Lair:6   | Noticed Kirke
 18718 | Lair:6   | Killed Kirke
 18722 | Lair:6   | Identified the Incunabulum of Assistive Unholy Rituals
 18737 | Lair:6   | Reached skill level 16 in Long Blades
 18737 | Lair:6   | Reached XP level 15. HP: 137/137 MP: 20/20
 19141 | Lair:1   | Gained mutation: You are partially covered in molten scales. (AC +2) [evolution]
 19972 | Orc:1    | Entered Level 1 of the Orcish Mines
 20128 | Orc:1    | Found Gafy's Antique Weapon Shoppe.
 20141 | Orc:1    | Noticed Erolcha
 20166 | Orc:1    | Killed Erolcha
 20450 | Orc:2    | Entered Level 2 of the Orcish Mines
 20572 | D:9      | Bought the +2 acid dragon scales of Xarulugg {MR+ rCorr} for 939 gold pieces
 20703 | Orc:2    | Found Axzuger's Assorted Antiques.
 21072 | Orc:2    | Found Puevym's Armour Boutique.
 21116 | Orc:2    | Found Yklilirch's Book Shop.
 21122 | Orc:2    | Reached skill level 15 in Shields
 21520 | Orc:2    | Found Ymosoic's Book Shop.
 21528 | Orc:2    | Found a staircase to the Elven Halls.
 21544 | Orc:2    | Bought a +2 hat for 272 gold pieces
 21616 | Orc:2    | Found a roughly hewn altar of Beogh.
 21657 | Orc:2    | Noticed Maurice
 21672 | Orc:2    | Killed Maurice
 21783 | Orc:2    | Noticed an orc warlord
 21792 | Orc:2    | Reached XP level 16. HP: 97/147 MP: 22/22
 23655 | D:13     | Reached skill level 17 in Long Blades
 23755 | D:13     | Reached skill level 15 in Armour
 24000 | D:13     | Reached skill level 10 in Invocations
 24003 | D:13     | Found a gate to the Vaults.
 24025 | D:13     | Reached skill level 15 in Fighting
 24661 | D:14     | Noticed Nessos
 24686 | D:14     | Killed Nessos
 24924 | D:15     | Entered Level 15 of the Dungeon
 24967 | D:15     | Found a radiant altar of Vehumet.
 25885 | D:15     | Found a staircase to the Depths.
 26988 | Shoals:1 | Entered Level 1 of the Shoals
 27231 | Shoals:1 | Reached skill level 1 in Evocations
 28695 | Shoals:2 | Reached XP level 17. HP: 127/157 MP: 22/24
 29552 | Shoals:3 | Lost mutation: You have large cloven feet. [evolution]
 29552 | Shoals:3 | Lost mutation: You evolve. [end of evolution]
 29638 | Shoals:3 | Found a runed door.
 30031 | Shoals:3 | Found the +10 dark maul {crush}
 30146 | Shoals:3 | Found Zohuq's Gadget Shop.
 30568 | Shoals:4 | Entered Level 4 of the Shoals
 30598 | Shoals:4 | Noticed Ilsuiw
 30628 | Shoals:4 | Killed Ilsuiw
 30628 | Shoals:4 | Reached skill level 18 in Long Blades
 30631 | Shoals:4 | Killed from afar by a wind drake

Vault maps used:
D:1:      dpeg_arrival_orchard
D:2:      uniq_sigmund
D:3:      lemuel_crystal_altar, cheibrodos_gnoll_hut
D:4:      first_bread
D:5:      temple_statues, nicolae_ossuary_entry_monument, uniq_duvessa,
          uniq_ijyb, uniq_prince_ribbit1
D:6:      nicolae_ru_path_of_blood, kennysheep_slug_shrine
D:7:      basic_altar, grunt_ogre_cave, xom_confusion_cloud,
          uniq_crazy_yiuf_cottage
D:8:      serial_shops, shop, shop, nicolae_shop_behind_doors,
          kennysheep_little_box, nrook_mini_backslash, sword_in_stone
D:9:      lightli_temple_of_fire, serial_shops, nicolae_shop_stone,
          grunt_ministairs_9, grunt_dithmenos_smoke_and_mirrors
D:10:     cheibrodos_shockbox, minmay_lair_entry_lava, uniq_joseph
D:11:     basic_altar, uniq_nergalle
D:12:     david_orc_4, serial_bayou_pond_c, uniq_azrael
D:13:     grunt_vaults_entry_tiered
D:14:     uniq_nessos
D:15:     grunt_enter_depths_hoard, lemuel_round_altar
Temple:   dpeg_five_rooms_temple
Lair:1:   minmay_hedge_maze
Lair:3:   special_room, beast_lair_carwin_9
Lair:4:   elwin_shoals_entry_rooms, dummy_snake_entry, uniq_urug
Lair:5:   dpeg_slime_entry_enclosed_altar, infiniplex_staircase_pool
Lair:6:   minmay_lair_end_frog_pond, hangedman_lair_unloving_vines, uniq_snorg,
          uniq_kirke
Shoals:1: nicolae_shoals_wave_tunnel
Shoals:2: nicolae_shoals_square_sea_wall
Shoals:3: serial_shops, nicolae_shop_trees, lightli_airlock
Shoals:4: shoals_end_simple, shoal_ilsuiw, nicolae_shoals_seven_spires,
          uniq_polyphemus
Orc:1:    serial_shops, nicolae_shop_overgrown_old_shop, uniq_erolcha
Orc:2:    st_orc_open, basic_altar, serial_shops, statue_bzr,
          minmay_orc_treasury, uniq_maurice
Ossuary:  ossuary_crypta

Skill      XL: |  1  2  3  4  5  6  7  8  9 10 11 12 13 14 15 16 17 |
---------------+----------------------------------------------------+-----
Fighting       | 4 5 6 7 9 10 11 12 13 14 15 16 | 16.2
Shields        | 4 5 6 7 8 10 11 12 13 14 15 16 | 16.6
Long Blades    | 3 4 5 7 9 11 12 13 14 15 16 17 18 | 18.0
Armour         | 4 5 6 7 8 9 11 12 13 14 15 16 | 16.0
Stealth        | 1 |  1.0
Invocations    | 3 5 7 8 9 10 11 | 11.4
Evocations     | 2 4 |  4.2
Throwing       | |  0.6

Action                   |  1- 3 |  4- 6 |  7- 9 | 10-12 | 13-15 | 16-18 || total
-------------------------+-------+-------+-------+-------+-------+-------++-------
Melee: Long sword        |   113 |   110 |   294 |    76 |       |       ||   593
       Headbutt          |    12 |    26 |    51 |   131 |   151 |   165 ||   536
       Falchion          |       |       |       |   314 |       |       ||   314
       Scimitar          |       |       |       |   300 |   182 |     8 ||   490
       Kick              |       |       |       |    75 |   220 |   208 ||   503
       Double sword      |       |       |       |       |   519 |   792 ||  1311
Throw: Tomahawk          |       |       |     2 |       |       |     3 ||     5
Invok: Divine Shield     |       |       |       |     3 |     3 |     8 ||    14
       Cleansing Flame   |       |       |       |       |       |     5 ||     5
 Abil: Evoke Flight      |       |       |       |       |       |    13 ||    13
Evoke: Wand              |       |       |     1 |       |       |     1 ||     2
  Use: Scroll            |       |     4 |     5 |    17 |    12 |     2 ||    40
       Potion            |       |       |     6 |    10 |     8 |     4 ||    28
  Eat: Chunk             |     2 |     5 |    11 |    24 |    25 |    17 ||    84
       Fruit             |       |       |     1 |       |       |       ||     1
       Meat ration       |       |       |       |     1 |       |     2 ||     3
       Bread ration      |       |       |       |       |       |     1 ||     1
Armor: Scale mail        |    60 |    57 |    71 |    55 |       |       ||   243
       Skin              |       |       |     9 |    67 |       |       ||    76
       Ring mail         |       |       |       |    98 |   145 |       ||   243
       Acid dragon scale |       |       |       |       |    37 |   227 ||   264
Dodge: Dodged            |    36 |    29 |    74 |   144 |   161 |   190 ||   634
Block: Shield            |    56 |    57 |   115 |   396 |   128 |   595 ||  1347
       Large shield      |       |       |       |       |   468 |   102 ||   570
       Rpst.: Long sword |     4 |     7 |    22 |     6 |       |       ||    39
       Falchion          |       |       |       |    10 |       |       ||    10
       Scimitar          |       |       |       |    25 |    14 |       ||    39
       Double sword      |       |       |       |       |    33 |    45 ||    78

Table legend:
 A = Spawn XP
 B = Non-spawn XP
 C = Spawn XP percentage of total XP
 D = Spawn monster count
 E = Non-spawn monster count
 F = Spawn count percentage of total count
 G = Total turns spent on level
                    A         B        C        D         E        F      G
               +---------+---------+-------+---------+---------+-------+---------
         Total |   22147 |  184927 |  10.7 |     108 |     744 |  12.7 | 30631
               +---------+---------+-------+---------+---------+-------+---------
           D:1 |       2 |      39 |   4.9 |       1 |      19 |   5.0 |   680
           D:2 |       2 |       7 |  22.2 |       1 |       4 |  20.0 |   372
           D:3 |       6 |     153 |   3.8 |       3 |      21 |  12.5 |   920
           D:4 |     186 |     559 |  25.0 |       5 |      22 |  18.5 |  1317
           D:5 |      33 |     642 |   4.9 |       1 |      13 |   7.1 |   668
           D:6 |     196 |     977 |  16.7 |       3 |      20 |  13.0 |  1055
           D:7 |       0 |     588 |   0.0 |       0 |      12 |   0.0 |   432
           D:8 |    1023 |    1324 |  43.6 |       3 |      11 |  21.4 |   897
           D:9 |     923 |    1722 |  34.9 |       2 |      18 |  10.0 |  1015
          D:10 |     904 |    4361 |  17.2 |      10 |      22 |  31.2 |  1517
          D:11 |       0 |    2656 |   0.0 |       0 |      18 |   0.0 |   768
          D:12 |    2525 |    5688 |  30.7 |      13 |      56 |  18.8 |  1614
          D:13 |    1518 |   11906 |  11.3 |       3 |      41 |   6.8 |  1267
          D:14 |     655 |    5962 |   9.9 |       4 |      16 |  20.0 |   670
          D:15 |    1897 |   14852 |  11.3 |       6 |      31 |  16.2 |  1673
        Lair:1 |    1632 |    2898 |  36.0 |       7 |      16 |  30.4 |  1706
        Lair:2 |     577 |    2470 |  18.9 |       5 |       8 |  38.5 |  1198
        Lair:3 |    1028 |    7121 |  12.6 |       4 |      40 |   9.1 |  1061
        Lair:4 |     343 |    9345 |   3.5 |       1 |      30 |   3.2 |  1208
        Lair:5 |    1943 |    3677 |  34.6 |       9 |      19 |  32.1 |  1475
        Lair:6 |     103 |   26914 |   0.4 |       1 |      81 |   1.2 |  1684
      Shoals:1 |    2391 |   15266 |  13.5 |       5 |      36 |  12.2 |  1619
      Shoals:2 |       0 |    6087 |   0.0 |       0 |      13 |   0.0 |   471
      Shoals:3 |    2205 |   20851 |   9.6 |       4 |      43 |   8.5 |  1490
      Shoals:4 |       0 |    8478 |   0.0 |       0 |      14 |   0.0 |    63
         Orc:1 |     726 |    8916 |   7.5 |      12 |      32 |  27.3 |  1882
         Orc:2 |    1329 |   21340 |   5.9 |       5 |      76 |   6.2 |  1346
       Ossuary |       0 |     128 |   0.0 |       0 |      12 |   0.0 |   344
               +---------+---------+-------+---------+---------+-------+---------
